[Event "ICCopen2017"]
[Site "Internet Chess Club"]
[Date "2017.03.25"]
[Round "11"]
[White "rugsy"]
[Black "Mandragora"]
[Result "1-0"]
[ICCResult "Black checkmated"]
[WhiteElo "1398"]
[BlackElo "1553"]
[Opening "Sicilian: Alapin's variation (2.c3)"]
[ECO "B22"]
[NIC "SI.46"]
[Time "16:08:51"]
[TimeControl "180+0"]

1. e4 c5 2. c3 Nc6 3. d4 cxd4 4. cxd4 e6 5. d5 exd5 6. exd5 Nb8 7. Qe2+ Qe7
8. Nc3 Qxe2+ 9. Bxe2 Bb4 10. Bd2 Nf6 11. Bc4 d6 12. Nge2 a6 13. a3 Bc5 14.
b4 Ba7 15. O-O b5 16. Bb3 Bf5 17. Rfe1 O-O 18. Ng3 Bg6 19. Re7 Nbd7 20. Rae1
Bd4 21. Nce4 Nxe4 22. Nxe4 Bxe4 23. R1xe4 Bxf2+ 24. Kxf2 Ne5 25. R7xe5 dxe5
26. Rxe5 Rac8 27. Re3 Rfd8 28. Rd3 f5 29. Bf4 h6 30. d6+ Kh7 31. Be6 Rc2+
32. Kf3 g5 33. Be5 Kg6 34. d7 g4+ 35. Kg3 h5 36. Rc3 Re2 37. Rc8 Rxe5 38.
Rxd8 Re3+ 39. Kf2 Rxa3 40. Rg8+ Kf6 41. d8=Q+ Ke5 42. Bxf5 Ra2+ 43. Kg3 Ra3+
44. Kh4 Kf4 45. Bxg4 hxg4 46. Rxg4+ Ke3 47. Qd4+ Ke2 48. Re4+ Kf1 49. Qf6+
Rf3 50. Qxf3+ Kg1 51. Re1+ Kxh2 52. Qh3# {Black checkmated} 1-0

[Event "ICCopen2017"]
[Site "Internet Chess Club"]
[Date "2017.03.25"]
[Round "11"]
[White "habishek"]
[Black "jjmolina"]
[Result "1-0"]
[ICCResult "Black resigns"]
[WhiteElo "1110"]
[BlackElo "1330"]
[Opening "Ruy Lopez: exchange variation"]
[ECO "C68"]
[NIC "RL.08"]
[Time "16:10:04"]
[TimeControl "180+0"]

1. e4 e5 2. Nf3 Nc6 3. Bb5 a6 4. Bxc6 dxc6 5. Nxe5 Qd4 6. Nf3 Qxe4+ 7. Qe2
Qxe2+ 8. Kxe2 Bg4 9. Re1 O-O-O 10. h3 Bh5 11. g4 Bg6 12. d3 h6 13. Be3 Bd6
14. Kf1 Nf6 15. Nc3 Nd5 16. Nxd5 cxd5 17. Kg2 f6 18. h4 Rhe8 19. h5 Bf7 20.
Nd4 Be5 21. Nf5 Bxb2 22. Rab1 d4 23. Bf4 Rxe1 24. Rxe1 Bd5+ 25. Kf1 Bc3 26.
Rb1 Bf3 27. Nxg7 Bxg4 28. Bxh6 Rh8 29. Bf4 Bxh5 30. Nxh5 Rxh5 31. Rb3 Rh1+
32. Kg2 Rc1 33. Bxc1 {Black resigns} 1-0

[Event "ICCopen2017"]
[Site "Internet Chess Club"]
[Date "2017.03.25"]
[Round "11"]
[White "Skeptic1972"]
[Black "Unico"]
[Result "0-1"]
[ICCResult "White resigns"]
[WhiteElo "1762"]
[BlackElo "2437"]
[Opening "Robatsch defense"]
[ECO "B06"]
[NIC "KF.05"]
[Time "16:09:35"]
[TimeControl "180+0"]

1. e4 g6 2. d4 Bg7 3. Nc3 c6 4. Nf3 d5 5. h3 dxe4 6. Nxe4 Nf6 7. Nxf6+ exf6
8. Bc4 O-O 9. O-O Nd7 10. Bb3 Nb6 11. c3 a5 12. Re1 a4 13. Bc2 Be6 14. Bf4
Qd7 15. Qc1 Rfe8 16. b3 Nd5 17. Bd2 Bxh3 18. gxh3 Qxh3 19. Nh2 Nxc3 20. Bxc3
Qxc3 21. bxa4 Qxd4 22. Bb3 f5 23. Rb1 h5 24. Qc4 Qxc4 25. Rxe8+ Rxe8 26.
Bxc4 Re4 27. Bb3 g5 28. Nf3 Bf6 29. Bc2 Rf4 30. Nd2 Bd4 31. Rxb7 Rxf2 32.
Nb3 Be3 33. Re7 f4 34. Rxe3 fxe3 35. Nd4 Rd2 36. a5 Rxd4 37. a6 Rd5 38. Kf1
Ra5 39. Bd3 Rxa2 {White resigns} 0-1

[Event "ICCopen2017"]
[Site "Internet Chess Club"]
[Date "2017.03.25"]
[Round "11"]
[White "ZavenGrozny"]
[Black "ibarra"]
[Result "1-0"]
[ICCResult "Black checkmated"]
[WhiteElo "3115"]
[BlackElo "2762"]
[Opening "Philidor: exchange variation"]
[ECO "C41"]
[NIC "KP.08"]
[Time "16:09:35"]
[TimeControl "180+0"]

1. e4 e5 2. Nf3 d6 3. d4 exd4 4. Nxd4 Nf6 5. Nc3 Be7 6. g3 d5 7. e5 Ng4 8.
e6 Nf6 9. exf7+ Kxf7 10. Bg2 Re8 11. O-O c6 12. Re1 Na6 13. Bf4 Nc7 14. Qd3
Bd6 15. Rxe8 Ncxe8 16. Nce2 Nc7 17. c4 Bxf4 18. Nxf4 c5 19. Nf3 d4 20. b4
cxb4 21. Ng5+ Kg8 22. c5 Qe7 23. Qc4+ Kh8 24. Nf7+ Kg8 25. Nd6+ Be6 26. Qxd4
Bf7 27. Qxb4 Rb8 28. Re1 Qd7 29. c6 Na6 30. cxd7 Nxb4 31. Rd1 Rd8 32. Bh3
Rb8 33. Nxf7 Nxd7 34. Rxd7 Nxa2 35. Be6 Kf8 36. Bxa2 Rc8 37. Nd6 Rc1+ 38.
Kg2 Rc7 39. Ne6+ Kg8 40. Rd8# {Black checkmated} 1-0

[Event "ICCopen2017"]
[Site "Internet Chess Club"]
[Date "2017.03.25"]
[Round "11"]
[White "crd"]
[Black "LeonieHelm"]
[Result "1-0"]
[ICCResult "Black resigns"]
[WhiteElo "1275"]
[BlackElo "1604"]
[Opening "Queen's Pawn"]
[ECO "A41"]
[NIC "QO.17"]
[Time "16:09:22"]
[TimeControl "180+0"]

1. d4 d6 2. Nc3 c6 3. h3 Nf6 4. Nf3 a6 5. Bf4 g6 6. Qd2 Bg7 7. Bh6 O-O 8.
Bxg7 Kxg7 9. g4 b5 10. Bg2 b4 11. Nb1 c5 12. e3 Bb7 13. O-O Nc6 14. dxc5
dxc5 15. Qxd8 Rfxd8 16. Nbd2 a5 17. Nc4 Ba6 18. b3 Bxc4 19. bxc4 e5 20. Rfd1
e4 21. Nh2 Ne5 22. Nf1 Nxc4 23. Ng3 Re8 24. Rac1 a4 25. c3 b3 26. axb3 axb3
27. Rb1 b2 28. Bf1 Ra4 29. Bxc4 Rxc4 30. Rxb2 Rxc3 31. Rb5 c4 32. Rc5 Rd3
33. Rc1 h5 34. gxh5 Nxh5 35. Nxh5+ gxh5 36. R5xc4 Re5 37. Kg2 Kg6 38. Rc6+
f6 39. Rc8 Rg5+ 40. Kh2 Rd2 41. Rf1 Rf5 42. Rg8+ Kf7 43. Rg2 Ke6 44. Kg3
Rg5+ 45. Kh2 Ke5 46. h4 Rxg2+ 47. Kxg2 Kf5 48. Kg3 Ke5 49. Ra1 f5 50. Ra5+
Rd5 51. Ra8 Rd1 52. Rh8 Rg1+ 53. Kh2 Rf1 54. Kg2 Rd1 55. Rxh5 Rd7 56. Rh8
Rg7+ 57. Kf1 f4 58. Rh5+ Ke6 59. exf4 Rf7 60. f5+ Rxf5 61. Rxf5 Kxf5 62. Ke2
Kg4 63. Ke3 Kxh4 64. Kxe4 Kg5 65. Ke5 Kg6 66. Ke6 Kg5 67. Ke5 Kg6 68. f4 Kg7
69. Ke6 Kf8 70. Kf6 Kg8 71. Ke7 Kg7 72. f5 Kh6 73. f6 Kg5 74. f7 {Black
resigns} 1-0

[Event "ICCopen2017"]
[Site "Internet Chess Club"]
[Date "2017.03.25"]
[Round "11"]
[White "leonardoalmeida"]
[Black "ALexiz"]
[Result "0-1"]
[ICCResult "White resigns"]
[WhiteElo "1874"]
[BlackElo "1658"]
[Opening "Van't Kruijs opening"]
[ECO "A00"]
[Time "16:09:33"]
[TimeControl "180+0"]

1. e3 d5 2. b3 e5 3. Qh5 Nd7 4. Bb2 Ngf6 5. Qg5 Qe7 6. f3 h6 7. Qg3 g6 8.
Be2 Bg7 9. Nc3 c6 10. O-O-O O-O 11. Kb1 Nh5 12. Qf2 a5 13. f4 e4 14. Bxh5
gxh5 15. Qg3 Nf6 16. Nge2 Kh7 17. h3 Rg8 18. Qh4 b5 19. d3 exd3 20. Rxd3 a4
21. Rg1 axb3 22. axb3 Qa7 23. g4 hxg4 24. hxg4 Ne4 25. g5 Bf5 26. gxh6 Bxc3
27. Rxc3 Rxg1+ 28. Nxg1 Nxc3+ 29. Bxc3 Qxe3 30. Qf6 Qxg1+ 31. Kb2 Qg6 32.
Qe7 Bxc2 33. Qb7 Re8 34. Be5 Rxe5 35. fxe5 Bb1 36. Kc3 Qc2+ 37. Kb4 c5+ 38.
Kxb5 Qxb3+ 39. Kc6 Qxb7+ 40. Kxb7 c4 41. Kc7 c3 42. Kd6 c2 43. Kxd5 c1=Q 44.
Kd6 Ba2 45. Ke7 Qc5+ 46. Kf6 Qc6+ 47. Kf5 Qe6+ 48. Kf4 Bb1 49. Kg3 Qxe5+ 50.
Kf3 Qe4+ {White resigns} 0-1

[Event "ICCopen2017"]
[Site "Internet Chess Club"]
[Date "2017.03.25"]
[Round "11"]
[White "Brothersinarms"]
[Black "tirandopiezas"]
[Result "0-1"]
[ICCResult "White checkmated"]
[WhiteElo "1854"]
[BlackElo "2022"]
[Opening "Irish (Chicago) gambit"]
[ECO "C44"]
[NIC "KP.10"]
[Time "16:10:24"]
[TimeControl "180+0"]

1. e4 e5 2. Nf3 Nc6 3. Nxe5 Nxe5 4. d4 Nc6 5. Nc3 d6 6. d5 Nce7 7. Bd3 Ng6
8. O-O Nf6 9. Qe2 Ng4 10. h3 N4e5 11. f4 Nxd3 12. cxd3 Qe7 13. Qh5 Qf6 14.
e5 Qh4 15. Qf3 dxe5 16. Nb5 Bc5+ 17. Kh1 O-O 18. Nxc7 Rb8 19. f5 Ne7 20. Bd2
Nxf5 21. Be1 Ng3+ 22. Bxg3 Qe7 23. d6 Bxd6 24. Nd5 Qe6 25. Rae1 b6 26. Nf4
Qxa2 27. Nh5 Qe6 28. Nf4 Qf5 29. Qd5 exf4 30. Qxd6 Bb7 31. Rxf4 Qxh3+ 32.
Kg1 Qxg2# {White checkmated} 0-1

[Event "ICCopen2017"]
[Site "Internet Chess Club"]
[Date "2017.03.25"]
[Round "11"]
[White "grels"]
[Black "chalimo77"]
[Result "0-1"]
[ICCResult "White forfeits on time"]
[WhiteElo "1697"]
[BlackElo "1599"]
[Opening "English opening"]
[ECO "A10"]
[NIC "EO.64"]
[Time "16:08:47"]
[TimeControl "180+0"]

1. c4 g6 2. Nc3 c5 3. Nf3 Bg7 4. g3 d6 5. Bg2 Nf6 6. d4 cxd4 7. Nxd4 Nc6 8.
Nxc6 bxc6 9. Bxc6+ Bd7 10. Bxa8 Qxa8 11. f3 Ng4 12. O-O Ne5 13. Qb3 O-O 14.
Nd5 Qd8 15. f4 Ng4 16. Qf3 e6 17. Nc3 Nf6 18. e4 Qb6+ 19. Qf2 Qb4 20. Be3
Qxc4 21. Rad1 Nxe4 22. Nxe4 Qxe4 23. Rxd6 Bc6 24. Rxc6 Qxc6 25. Rc1 Qd5 26.
a3 Rd8 27. Bxa7 Qd3 28. Be3 Rb8 29. b4 Qxa3 30. Bc5 Qxc1+ 31. Kg2 Qc4 32.
Kh3 Qd5 33. Qc2 Bd4 34. Be7 Qh5+ 35. Kg2 Re8 36. Bd6 Qb5 37. Kh3 Bb6 38. Kg2
Qd5+ 39. Kh3 Qf5+ 40. Qxf5 exf5 41. Kg2 Re2+ {White forfeits on time} 0-1

[Event "ICCopen2017"]
[Site "Internet Chess Club"]
[Date "2017.03.25"]
[Round "11"]
[White "bss2005"]
[Black "vishweshk"]
[Result "0-1"]
[ICCResult "White forfeits on time"]
[WhiteElo "1776"]
[BlackElo "1725"]
[Opening "French: classical, Steinitz variation"]
[ECO "C14"]
[NIC "FR.06"]
[Time "16:08:47"]
[TimeControl "180+0"]

1. e4 e6 2. d4 d5 3. Nc3 Nf6 4. Bg5 Be7 5. e5 Nfd7 6. Bxe7 Qxe7 7. f4 O-O 8.
Bd3 c5 9. Nf3 Nc6 10. Bxh7+ Kxh7 11. Ng5+ Kg6 12. Qd3+ f5 13. Qh3 Nf6 14.
exf6 Kxf6 15. Nh7+ Kf7 16. Nxf8 Kxf8 17. dxc5 Bd7 18. O-O-O Kg8 19. Qh5 Qxc5
20. Rd3 Nb4 21. Rh3 d4 22. Qh8+ Kf7 23. Qxa8 dxc3 24. Qxb7 cxb2+ 25. Kxb2
Qxc2+ 26. Ka3 Qa4+ 27. Kb2 Qxa2+ 28. Kc3 Nd5+ 29. Kd3 Qa6+ 30. Qxa6 Bb5+
{White forfeits on time}
0-1

[Event "ICCopen2017"]
[Site "Internet Chess Club"]
[Date "2017.03.25"]
[Round "11"]
[White "DarthVadar"]
[Black "evorg"]
[Result "0-1"]
[ICCResult "White forfeits on time"]
[WhiteElo "1784"]
[BlackElo "1534"]
[Opening "Latvian counter-gambit"]
[ECO "C40"]
[NIC "KP.09"]
[Time "16:09:01"]
[TimeControl "180+0"]

1. e4 e5 2. Nf3 f5 3. Nxe5 Qf6 4. d4 d6 5. Nc4 fxe4 6. Nc3 Qf7 7. Ne3 c6 8.
d5 c5 9. Nxe4 Nf6 10. Ng5 Qg6 11. Nf3 Bg4 12. Bd3 Qh5 13. Be2 Be7 14. h3
Bxf3 15. Bxf3 Qf7 16. O-O Nbd7 17. Nf5 O-O-O 18. Re1 Ne5 19. Nxe7+ Qxe7 20.
Bg5 Nxf3+ 21. Qxf3 Qf7 22. Re6 Rhe8 23. Bxf6 gxf6 24. Rxf6 Qe7 25. Re6 Qg7
26. Rae1 Rxe6 27. dxe6 Re8 28. Qf7 Qg8 29. Qd7+ Kb8 30. Qxd6+ Ka8 31. e7 a6
32. Rd1 Qf7 33. Qxc5 Qxe7 34. Qxe7 Rxe7 35. f3 Ka7 36. Rd8 Rc7 37. Rh8 Kb6
38. g4 Kc5 39. h4 Kd4 40. h5 Ke3 41. g5 Kxf3 42. g6 hxg6 43. hxg6 Rg7 44.
Rh6 Kf4 {White forfeits on time} 0-1

[Event "ICCopen2017"]
[Site "Internet Chess Club"]
[Date "2017.03.25"]
[Round "11"]
[White "Cramagica"]
[Black "mongmong"]
[Result "0-1"]
[ICCResult "White forfeits on time"]
[WhiteElo "1098"]
[BlackElo "1382"]
[Opening "French: Tarrasch, open variation"]
[ECO "C07"]
[NIC "FR.18"]
[Time "16:10:15"]
[TimeControl "180+0"]

1. e4 e6 2. d4 d5 3. Nd2 c5 4. c3 cxd4 5. cxd4 Nc6 6. e5 Nxd4 7. Nb3 Nxb3 8.
axb3 a6 9. Bd2 Bd7 10. b4 Qb6 11. Qb3 Bb5 12. Bxb5+ Qxb5 13. Nf3 Ne7 14. Nd4
Qd7 15. O-O Nc6 16. Nxc6 Qxc6 17. Rfc1 Qd7 18. Be3 Be7 19. Bc5 Bxc5 20. bxc5
O-O 21. Qb6 Rfc8 22. Qd6 Qc6 23. b4 Rc7 24. Ra5 Rac8 25. Qxc6 Rxc6 26. Kf1
b6 27. Rxa6 bxc5 28. Rxc6 Rxc6 29. Rxc5 Rxc5 30. bxc5 Kf8 31. Ke2 Ke8 32.
Kd3 Kd7 33. Kd4 Kc6 34. f4 Kb5 35. g4 g6 36. h4 h6 37. g5 h5 38. Kc3 Kxc5
39. Kd3 Kb4 40. Kd4 Kb3 41. Kd3 Kb4 42. Kd4 Kb5 43. Kc3 Kc5 44. Kd3 d4 45.
Ke4 Kc4 46. Kf3 Kd3 47. Kf2 Ke4 48. Kg3 d3 {White forfeits on time} 0-1

[Event "ICCopen2017"]
[Site "Internet Chess Club"]
[Date "2017.03.25"]
[Round "11"]
[White "Lovelife"]
[Black "LionKing93"]
[Result "0-1"]
[ICCResult "White resigns"]
[WhiteElo "1953"]
[BlackElo "2143"]
[Opening "Sicilian defense"]
[ECO "B20"]
[NIC "SI.48"]
[Time "16:10:13"]
[TimeControl "180+0"]

1. e4 c5 2. b3 d6 3. Bb2 Nc6 4. Bb5 Nf6 5. Bxc6+ bxc6 6. d3 e6 7. Ne2 Be7 8.
O-O O-O 9. f4 d5 10. e5 Nd7 11. c4 a5 12. Nbc3 f6 13. Na4 Qc7 14. exf6 Bxf6
15. Bxf6 Rxf6 16. Ng3 Rxf4 17. Qe2 Nf6 18. Nxc5 Rxf1+ 19. Rxf1 Qa7 20. Qf2
a4 21. Nxa4 Qxf2+ 22. Rxf2 Kf7 23. c5 Ba6 24. Rd2 e5 25. Nb6 Ra7 26. a4 Ke6
27. Kf2 Ng4+ 28. Kg1 Ne3 29. Kf2 Ng4+ 30. Kg1 Rf7 31. h3 Ne3 32. b4 g6 33.
Re2 d4 34. Ne4 h6 35. Rd2 Rf1+ 36. Kh2 Rb1 37. b5 cxb5 38. c6 Nf1+ 39. Kg1
Nxd2+ 40. Kf2 Nxe4+ 41. dxe4 bxa4 42. c7 Rxb6 43. c8=Q+ Bxc8 {White resigns}
0-1

[Event "ICCopen2017"]
[Site "Internet Chess Club"]
[Date "2017.03.25"]
[Round "11"]
[White "KoolMan"]
[Black "carpedef"]
[Result "0-1"]
[ICCResult "White checkmated"]
[WhiteElo "1990"]
[BlackElo "1802"]
[Opening "Sicilian: Smith-Morra gambit"]
[ECO "B21"]
[NIC "SI.48"]
[Time "16:09:02"]
[TimeControl "180+0"]

1. e4 c5 2. d4 cxd4 3. c3 d5 4. exd5 Qxd5 5. Nf3 Nf6 6. cxd4 e6 7. Nc3 Qd8
8. Bd3 Be7 9. O-O a6 10. Bg5 b5 11. Re1 Bb7 12. Ne5 Nbd7 13. Qe2 Nxe5 14.
dxe5 Nd5 15. Bxe7 Qxe7 16. Ne4 O-O 17. Qg4 Kh8 18. Rad1 Rad8 19. Ng5 h6 20.
Ne4 Nb4 21. Bb1 Bxe4 22. Qxe4 g6 23. a3 Nd5 24. h4 Kg7 25. h5 Qg5 26. hxg6
fxg6 27. Rd3 Rf4 28. Qe2 Rg4 29. Rg3 Rxg3 30. fxg3 Qxg3 31. Rf1 Nf4 32. Qe4
Rf8 33. Qf3 Nh3+ 34. Kh1 Rxf3 35. Rxf3 Qe1+ 36. Kh2 Ng5 37. Rc3 Qxe5+ 38. g3
Qe2+ 39. Kg1 Nf3+ 40. Kh1 Qh2# {White checkmated} 0-1

[Event "ICCopen2017"]
[Site "Internet Chess Club"]
[Date "2017.03.25"]
[Round "11"]
[White "lagarto300"]
[Black "JUGGERNOT"]
[Result "1/2-1/2"]
[ICCResult "Game drawn by repetition"]
[WhiteElo "1958"]
[BlackElo "1826"]
[Opening "Dutch: Leningrad, main variation"]
[ECO "A87"]
[NIC "HD.10"]
[Time "16:09:59"]
[TimeControl "180+0"]

1. d4 f5 2. c4 Nf6 3. Nf3 g6 4. g3 Bg7 5. Bg2 O-O 6. O-O h6 7. Nc3 Kh7 8. d5
d6 9. Nd4 Re8 10. Re1 e5 11. dxe6 Bxe6 12. Nxe6 Rxe6 13. e4 Nxe4 14. Nxe4
fxe4 15. Rxe4 Rxe4 16. Bxe4 Nc6 17. Qc2 Qf6 18. Be3 Rf8 19. h4 h5 20. Rd1
Ne5 21. b3 Nf3+ 22. Kg2 Ne5 23. Bxb7 Ng4 24. Bd4 Qf7 25. Bxg7 Kxg7 26. Rd2
Qe6 27. Bd5 Qe5 28. Qd3 Qf6 29. f3 Ne5 30. Qd4 Kh7 31. Qxa7 Nxf3 32. Qxc7+
Kh6 33. Bxf3 Qxf3+ 34. Kh2 Qf1 35. Qxd6 Rf2+ 36. Rxf2 Qxf2+ 37. Kh3 Qf1+ 38.
Kh2 Qf2+ 39. Kh3 Qf1+ 40. Kh2 Qf2+ 41. Kh3 Qf1+ 42. Kh2
{Game drawn by repetition}
1/2-1/2

[Event "ICCopen2017"]
[Site "Internet Chess Club"]
[Date "2017.03.25"]
[Round "11"]
[White "minke"]
[Black "Alikfish"]
[Result "0-1"]
[ICCResult "White resigns"]
[WhiteElo "1711"]
[BlackElo "1753"]
[Opening "Sicilian: accelerated fianchetto, modern variation with Bc4"]
[ECO "B35"]
[NIC "KF.05"]
[Time "16:10:30"]
[TimeControl "180+0"]

1. e4 g6 2. d4 Bg7 3. Nc3 c5 4. Nf3 cxd4 5. Nxd4 Nc6 6. Be3 Nf6 7. Bc4 O-O
8. Bb3 d6 9. f3 a6 10. Qd2 Bd7 11. O-O-O b5 12. Kb1 Nxd4 13. Bxd4 Bc6 14. h4
h5 15. g4 hxg4 16. h5 gxh5 17. Nd5 Bxd5 18. Bxd5 e5 19. Be3 Nxd5 20. exd5
Qf6 21. Rxh5 e4 22. Bd4 Qxd4 23. Qxd4 Bxd4 24. Rxd4 f5 25. fxe4 fxe4 26. a4
Rae8 27. Rg5+ Kf7 28. Rxg4 e3 29. Rdf4+ Ke7 30. Re4+ Kd8 31. Re6 Rxe6 32.
dxe6 e2 33. Re4 Rf1+ 34. Ka2 e1=Q 35. e7+ Ke8 {White resigns} 0-1

[Event "ICCopen2017"]
[Site "Internet Chess Club"]
[Date "2017.03.25"]
[Round "11"]
[White "ResignAlready"]
[Black "Ninjakiwi17"]
[Result "0-1"]
[ICCResult "White forfeits on time"]
[WhiteElo "1836"]
[BlackElo "2109"]
[Opening "Ruy Lopez: Anderssen variation"]
[ECO "C77"]
[NIC "RL.12"]
[Time "16:09:03"]
[TimeControl "180+0"]

1. e4 e5 2. Nf3 Nc6 3. Bb5 a6 4. Ba4 Nf6 5. d3 b5 6. Bb3 Bc5 7. c3 d6 8. O-O
Bb6 9. h3 O-O 10. a4 Bb7 11. Nbd2 Ne7 12. Re1 Ng6 13. Nf1 h6 14. Ng3 Re8 15.
Nf5 Ne7 16. N3h4 Nxf5 17. Nxf5 Bc8 18. Qf3 Bxf5 19. Qxf5 Qe7 20. Be3 Bxe3
21. Rxe3 Kh8 22. Rg3 Reb8 23. axb5 Rxb5 24. Bc4 Rxb2 25. Rxa6 Rab8 26. Kh2
Rc2 27. d4 exd4 28. e5 Rxf2 29. exf6 Rxf5 30. fxe7 Re8 31. Rc6 Rxe7 32. cxd4
Rf4 33. Rd3 g6 34. Kg3 Rf6 35. h4 Kg7 36. d5 Rf5 37. Rf3 Rfe5 38. Rf4 Re3+
39. Kh2 R3e4 40. Rxe4 Rxe4 41. Rxc7 Rxh4+ 42. Kg3 Rd4 43. Kf3 g5 44. Ke3 Rg4
45. Rc6 Rxg2 46. Rxd6 Rg3+ {White forfeits on time} 0-1

[Event "ICCopen2017"]
[Site "Internet Chess Club"]
[Date "2017.03.25"]
[Round "11"]
[White "Dinamit"]
[Black "Darnoc"]
[Result "0-1"]
[ICCResult "White resigns"]
[WhiteElo "2638"]
[BlackElo "2911"]
[Opening "French: Burn variation"]
[ECO "C11"]
[NIC "FR.05"]
[Time "16:09:21"]
[TimeControl "180+0"]

1. e4 e6 2. d4 d5 3. Nc3 Nf6 4. Bg5 dxe4 5. Nxe4 Be7 6. Bxf6 Bxf6 7. Nxf6+
Qxf6 8. Nf3 O-O 9. Qd2 c5 10. O-O-O Rd8 11. Qe3 Nc6 12. c3 cxd4 13. Nxd4
Nxd4 14. Rxd4 Rxd4 15. Qxd4 e5 16. Qe3 Be6 17. a3 Rd8 18. Bd3 Bb3 19. Re1 g6
20. Bc2 Bxc2 21. Kxc2 Qf5+ 22. Kc1 b6 23. f3 f6 24. g4 Qd7 25. h4 Qd5 26. g5
fxg5 27. hxg5 Re8 28. Kc2 Qf7 29. Qe4 Rf8 30. Re3 Qf5 31. Kb3 Qxg5 32. Qd5+
Kh8 33. Rxe5 Qf6 34. Qd4 h5 35. f4 Kh7 36. f5 gxf5 37. c4 Rf7 38. Qd5 h4 39.
Re6 Qg5 40. Re8 Qf6 41. Qf3 Qg6 42. Qc3 Rg7 43. Rf8 Qg3 44. Rxf5 Qxc3+ 45.
Kxc3 Rg3+ 46. Kd4 Kg6 47. Rf8 Rg4+ 48. Kd5 h3 49. Rg8+ Kf5 50. Rf8+ Kg5 51.
Rg8+ Kf4 52. Rh8 Kg3 53. b4 h2 54. Rxh2 Kxh2 55. c5 bxc5 56. bxc5 Ra4 57. c6
Rxa3 {White resigns} 0-1

[Event "ICCopen2017"]
[Site "Internet Chess Club"]
[Date "2017.03.25"]
[Round "11"]
[White "octavia"]
[Black "Hashimof"]
[Result "1-0"]
[ICCResult "Black forfeits on time"]
[WhiteElo "2260"]
[BlackElo "1946"]
[Opening "English opening"]
[ECO "A17"]
[NIC "EO.64"]
[Time "16:09:13"]
[TimeControl "180+0"]

1. c4 Nf6 2. Nc3 e6 3. Nf3 d5 4. e3 Be7 5. b3 O-O 6. Bb2 c5 7. cxd5 exd5 8.
d4 Nc6 9. Be2 a6 10. O-O h6 11. dxc5 Bxc5 12. Rc1 Be7 13. h3 Be6 14. Nd4 Rc8
15. Bf3 Nxd4 16. Qxd4 Qa5 17. Rfd1 Rfd8 18. Qa4 Bb4 19. Qxa5 Bxa5 20. Ne2
Ne4 21. Nf4 Rxc1 22. Rxc1 Nd2 23. Be2 Ne4 24. Bd4 Kf8 25. a3 Rd7 26. b4 Bd8
27. f3 Nd6 28. Kf2 Ke8 29. Bxg7 h5 30. Nxh5 Nf5 31. Nf6+ Bxf6 32. Bxf6 Ne7
33. g4 Rd6 34. Be5 Rc6 35. Rxc6 Nxc6 36. Bd4 Nxd4 37. exd4 f5 38. Kg3 fxg4
39. fxg4 Kf7 40. Kf4 Kg6 41. h4 Bf7 42. Ke5 Bg8 43. Bd3+ Kg7 44. g5
{Black forfeits on time}
1-0

[Event "ICCopen2017"]
[Site "Internet Chess Club"]
[Date "2017.03.25"]
[Round "11"]
[White "hon"]
[Black "mrneale"]
[Result "1-0"]
[ICCResult "Black forfeits on time"]
[WhiteElo "1269"]
[BlackElo "1080"]
[Opening "Scotch game"]
[ECO "C45"]
[NIC "SO.04"]
[Time "16:09:56"]
[TimeControl "180+0"]

1. e4 e5 2. Nf3 Nc6 3. d4 exd4 4. Nxd4 d6 5. c4 Nxd4 6. Qxd4 Be6 7. Nc3 Nf6
8. Be3 Be7 9. Be2 O-O 10. O-O c5 11. Qd2 Ng4 12. Bxg4 Bxg4 13. f3 Be6 14. b3
a6 15. Rad1 Qd7 16. Bxc5 dxc5 17. Qxd7 Bxd7 18. Rxd7 Bf6 19. Nd5 Bd4+ 20.
Kh1 b5 21. g3 bxc4 22. bxc4 Rab8 23. Rd6 a5 24. Ra6 Ra8 25. Rxa8 Rxa8 26.
Rb1 g6 27. a4 Kg7 28. Rb5 Kh6 29. Kg2 f5 30. exf5 gxf5 31. Nb6 Ra7 32. Nc8
Ra6 33. Ne7 {Black forfeits on time} 1-0

[Event "ICCopen2017"]
[Site "Internet Chess Club"]
[Date "2017.03.25"]
[Round "11"]
[White "toll"]
[Black "pagoda"]
[Result "1/2-1/2"]
[ICCResult "Black ran out of time and White has no material to mate"]
[WhiteElo "1687"]
[BlackElo "1772"]
[Opening "Polish (Sokolsky) opening"]
[ECO "A00"]
[NIC "VO.10"]
[Time "16:09:07"]
[TimeControl "180+0"]

1. b4 a5 2. b5 b6 3. Bb2 Bb7 4. e3 e6 5. Nf3 Nf6 6. Be2 Be7 7. O-O O-O 8. c4
d6 9. d4 Nbd7 10. a4 Ne4 11. Nbd2 f5 12. Nxe4 Bxe4 13. Nd2 Bb7 14. Bf3 Bxf3
15. Nxf3 Qe8 16. Qb3 Bf6 17. c5 dxc5 18. d5 c4 19. Qc2 Bxb2 20. Qxb2 exd5
21. Nd4 Nc5 22. Nc6 Nd3 23. Qd4 Qe4 24. Qxe4 fxe4 25. Ne7+ Kh8 26. Nxd5 Rf7
27. f3 exf3 28. Rxf3 Rxf3 29. gxf3 Rc8 30. Ra3 Ne5 31. Kg2 g6 32. Rc3 Rd8
33. Nxc7 Rd2+ 34. Kg3 Rd3 35. Rxd3 cxd3 36. Nd5 d2 37. Nc3 Nd3 38. Nd1 Nc5
39. e4 Nxa4 40. Kf4 Nc5 41. Ke3 Nb3 42. e5 Kg7 43. Kd3 Kf7 44. Kc3 Nc5 45.
Kxd2 Ke6 46. f4 Kf5 47. Ke3 a4 48. Nc3 a3 49. Na2 Na4 50. h3 h6 51. Kf3 g5
52. fxg5 hxg5 53. e6 Kxe6 54. Kg4 Kf6 55. h4 gxh4 56. Kxh4 Ke5 57. Kg4 Kd4
58. Kf3 Kd3 59. Kf2 Nc3 60. Nb4+ Kd2 61. Kf3 Nxb5 62. Ke4 Nc3+ 63. Kd4 a2
64. Nxa2 Nxa2 65. Kc4 Nc3 66. Kb4 b5 67. Kb3 Kd3 68. Kb4 Kd4 69. Kb3 Kc5 70.
Kxc3 b4+ 71. Kb3 Kb5 72. Kb2 Kc4 73. Kc2 b3+ 74. Kb2
{Black ran out of time and White has no material to mate}
1/2-1/2

[Event "ICCopen2017"]
[Site "Internet Chess Club"]
[Date "2017.03.25"]
[Round "11"]
[White "JanTheMan"]
[Black "jasrom"]
[Result "1-0"]
[ICCResult "Black forfeits on time"]
[WhiteElo "2374"]
[BlackElo "2014"]
[Opening "Queen's gambit declined"]
[ECO "D30"]
[NIC "QP.08"]
[Time "16:08:56"]
[TimeControl "180+0"]

1. d4 d5 2. c4 e6 3. Nf3 c6 4. e3 Nf6 5. Bd3 Nbd7 6. b3 Bb4+ 7. Nbd2 Ne4 8.
Bb2 f5 9. Qc2 O-O 10. a3 Bd6 11. b4 Qf6 12. g3 g5 13. h3 a6 14. Nf1 b5 15.
cxb5 cxb5 16. Qc6 Rb8 17. N3d2 Qe7 18. Nb3 Nb6 19. Nc5 Nc4 20. Bxc4 bxc4 21.
g4 a5 22. f3 Ng3 23. Nxg3 Bxg3+ 24. Ke2 Rd8 25. Bc3 Rd6 26. Qa4 e5 27. Rag1
Bh4 28. gxf5 Bxf5 29. dxe5 d4 30. Bxd4 Rd5 31. Qc6 Rbd8 32. Rd1 Bc2 33. Rd2
Bf5 34. Ne4 c3 35. Qxc3 Bxe4 36. fxe4 R5d7 37. Qc4+ Rd5 38. exd5 Kh8 39. e6+
Kg8 40. d6 Qb7 41. Rh2 {Black forfeits on time} 1-0

[Event "ICCopen2017"]
[Site "Internet Chess Club"]
[Date "2017.03.25"]
[Round "11"]
[White "julkat-ch"]
[Black "gladiator46"]
[Result "1-0"]
[ICCResult "Black checkmated"]
[WhiteElo "1827"]
[BlackElo "1567"]
[Opening "Caro-Kann defense"]
[ECO "B10"]
[NIC "CK.01"]
[Time "16:09:00"]
[TimeControl "180+0"]

1. e4 c6 2. Nf3 d5 3. exd5 cxd5 4. d4 e6 5. Bd3 Nf6 6. O-O Be7 7. Re1 O-O 8.
c4 h6 9. Nc3 dxc4 10. Bxc4 Nc6 11. h3 Qb6 12. Qd3 Nb4 13. Qe2 Nbd5 14. Be3
Nxe3 15. fxe3 Bd7 16. e4 Bb4 17. e5 Nd5 18. Bxd5 Bxc3 19. bxc3 exd5 20. Rab1
Qc7 21. Qb2 Rab8 22. Qa3 a6 23. Qd6 Qc6 24. Qxc6 bxc6 25. Rb3 Bf5 26. Re2
Rxb3 27. axb3 Rb8 28. Nd2 Bd3 29. Re1 a5 30. Ra1 Ra8 31. b4 a4 32. Ra3 Kh7
33. Kf2 Bb5 34. Ke3 f6 35. Nf3 Re8 36. g4 g6 37. Kf4 fxe5+ 38. dxe5 Rf8+ 39.
Ke3 g5 40. Nd4 Rf4 41. e6 Re4+ 42. Kd2 Kg6 43. Ra1 Kf6 44. Rh1 Ke7 45. Kc2
Kf6 46. Kb2 Rf4 47. Rh2 Rf1 48. Rd2 Rh1 49. Rf2+ Ke7 50. Rf7+ Ke8 51. Rh7
Rxh3 52. Nf5 Bc4 53. Rh8# {Black checkmated} 1-0